AoeStats
← BOESERTEDDY

Nomad

508497856Analyzed
4v4 RM · 10d ago on Sep 22, 2026· 35m 45s· 8 players
Game mode
Random Map
Map size
231×231
Population
200
Speed
Normal
Resources
Standard
Victory
Conquest
Starting age
Dark Age
Ending age
Imperial Age
RankedLock teamsTeams togetherTeam positionsShared explorationLock speedFull tech treeHidden civsTurbo modeCheats
Victory
Defeat
🇨🇭 Italians · Switzerland
1033
+11
🇵🇱 Huns · Poland
899
+16
🇨🇭 Maya · Switzerland
864
+18
🇫🇷 Goths · France
836
+18
🇵🇪 Danes · Peru
919
-16
🇦🇷 Khmer · Argentina
917
-16
🇹🇼 Varangians · Taiwan
914
-16
🇵🇪 Varangians · Peru
884
-15
Yailes<3
14:52 Feudal Age
15:54 Double-Bit Axe
16:25 Gold Mining
16:30 Man-at-Arms
17:29 Fishing Lines
17:54 Town Watch
23:30 Castle Age
23:27 Bloodlines
24:33 Husbandry
24:47 Gillnets
Aryey
14:47 Feudal Age
16:51 Wheelbarrow
16:04 Double-Bit Axe
16:01 Horse Collar
23:01 Castle Age
30:10 Hand Cart
31:00 Gold Mining
31:17 Elite Skirmisher
31:29 Pikeman
Sensei
5:03 Loom
14:21 Feudal Age
16:46 Wheelbarrow
16:35 Gold Mining
17:40 Double-Bit Axe
21:51 Castle Age
20:29 Stone Mining
22:51 Hand Cart
23:37 Bow Saw
24:09 Town Watch
27:14 Horse Collar
32:28 Stone Shaft Mining
33:21 Murder Holes
33:47 Ballistics
36:12 Town Patrol
TAE_YANG
14:02 Loom
21:02 Feudal Age
22:37 Double-Bit Axe
22:33 Horse Collar
23:47 Wheelbarrow
34:04 Castle Age
33:23 Stone Mining
Kava
6:37 Loom
15:41 Feudal Age
22:54 Castle Age
21:57 Double-Bit Axe
22:35 Horse Collar
22:47 Gold Mining
22:43 Fishing Lines
23:33 Town Watch
25:18 Husbandry
25:56 Fletching
26:40 Bodkin Arrow
26:51 Stone Mining
28:30 Bow Saw
28:40 Thumb Ring
32:04 Heavy Plow
32:40 Gold Shaft Mining
33:37 Scale Barding Armor
36:27 Imperial Age
35:42 Ballistics
36:17 Chain Barding Armor
36:08 Bloodlines
Tumgonfles
17:21 Feudal Age
22:41 Castle Age
23:57 Scale Mail Armor
24:07 Forging
26:20 Wheelbarrow
26:07 Chain Mail Armor
25:47 Fletching
26:20 Pikeman
27:01 Squires
27:00 Loom
36:01 Iron Casting
BOESERTEDDY
6:08 Loom
13:07 Feudal Age
15:37 Double-Bit Axe
21:53 Fletching
22:38 Horse Collar
25:22 Wheelbarrow
27:48 Castle Age
29:11 Hand Cart
28:58 Heavy Plow
29:12 Bow Saw
29:00 Bodkin Arrow
29:12 Gold Mining
30:06 Town Watch
30:29 Padded Archer Armor
30:40 Forging
31:29 Stone Mining
33:56 Scale Barding Armor
34:27 Iron Casting
37:35 Imperial Age
alex.proietti
3:41 Loom
15:54 Feudal Age
20:32 Fletching
20:43 Padded Archer Armor
26:57 Castle Age
27:07 Crossbowman
27:41 Eagle Warrior
30:59 Thumb Ring
Connection lost

Rejoining the realm…

Still unreachable

The connection could not be restored.

Session expired

The server has moved on; the page needs a fresh start.